 Dungeon Crawl Stone Soup version 0.21.1-1-g345015f (webtiles) character file.

147 kae the Chopper (level 5, 0/47 HPs)
             Began as a Hill Orc Fighter on June 1, 2018.
             Slain by an orc priest
             ... wielding a +0 hand axe
              (4 damage)
             ... on level 4 of the Dungeon.
             The game lasted 00:01:22 (2493 turns).

kae the Chopper (Hill Orc Fighter)                  Turns: 2493, Time: 00:01:23

Health: 0/47       AC:  7    Str: 25    XL:     5   Next: 29%
Magic:  5/5        EV:  8    Int:  8    God:
Gold:   136        SH:  9    Dex: 10    Spells: 4/4 levels left

rFire    . . .     SeeInvis .   a - +0 war axe
rCold    . . .     Gourm    .   c - +0 shield
rNeg     . . .     Faith    .   b - +0 scale mail
rPois    .         Spirit   .   (no helmet)
rElec    .         Reflect  .   (no cloak)
rCorr    .         Harm     .   (no gloves)
MR       .....                  (no boots)
Stlth    ..........             (no amulet)
HPRegen  0.15/turn              (no ring)
MPRegen  0.09/turn              (no ring)

@: mighty
A: no striking features
a: Convert to Beogh


You were on level 4 of the Dungeon.
You were near starving.

You visited 1 branch of the dungeon, and saw 4 of its levels.

You collected 136 gold pieces.

Inventory:

Hand Weapons
 a - a +0 war axe (weapon)
Missiles
 q - 2 throwing nets (quivered)
Armour
 b - a +0 scale mail (worn)
 c - a +0 shield (worn)
Jewellery
 k - an uncursed amulet of magic regeneration {unknown}
Scrolls
 e - a scroll of teleportation {unknown}
 j - 4 scrolls of remove curse {unknown}
 l - 2 scrolls of identify {unknown}
 o - a scroll of fear {unknown}
 p - 3 scrolls of enchant armour {unknown}
Potions
 g - 3 potions of heal wounds {unknown}
 h - a potion of mutation {unknown}
 i - a potion of invisibility {unknown}
 m - a potion of agility {unknown}
Books
 n - a book of Misfortune

   Spells                             Type                      Level
   a - Confusing Touch                Hexes                        1
   b - Confuse                        Hexes                        3
   c - Gell's Gravitas                Translocation                3
   d - Petrify                        Transmutation/Earth          4
   e - Metabolic Englaciation         Hexes/Ice                    5
   f - Yara's Violent Unravelling     Hexes/Transmutation          5
Comestibles
 f - 6 rations


   Skills:
 + Level 4.5 Fighting
 * Level 4.9 Axes
 + Level 4.0 Armour
 + Level 1.5 Dodging
 - Level 3.2 Shields


You had 4 spell levels left.
You didn't know any spells.

Dungeon Overview and Level Annotations

Branches:
Dungeon (4/15)
 Temple: D:4-7

Altars:
Ashenzari
Qazlal


Message History

The orc priest is heavily wounded.
You hit the orc. You hit the scorpion. You block the scorpion's attack.
You block the orc's attack.
The orc priest miscasts a cantrip.
The scorpion stings you but does no damage.
You block the orc's attack.
You hit the scorpion.
The scorpion is heavily wounded.
You hit the orc.
You kill the orc!
You closely miss the orc priest.
The orc priest hits you with a hand axe!
* * * LOW HITPOINT WARNING * * *
You block the scorpion's attack.
Your shield and scale mail prevent you from hitting the orc priest.
The orc priest is heavily wounded.
You barely miss the scorpion.
The orc priest threatens, "By the altar or by the axe, you will meet Beogh!"
The orc priest hits you with a hand axe.
You die...

#.# #.#
#.#####.########
#...............
#..###.#########
#..#.#.#
######...#..#
#...>...###.#
#.####.## ##..
#@.# ..#
......so).# #.#
..)........# .#
##.#####....# .#
# ...... .......
##.#... .#.##


You could see a scorpion and an orc priest.

Vanquished Creatures
  A worker ant (D:4)
  An orc wizard (D:4)
  2 adders
  2 leopard geckos (D:1)
  4 orcs
  2 giant cockroaches (D:2)
  9 goblins
  5 hobgoblins
  11 jackals
  3 ball pythons
  7 bats
  5 frilled lizards
  10 kobolds
  7 rats
69 creatures vanquished.

Notes
Turn   | Place    | Note
-------+----------+-------------------------------------------
     0 | D:1      | kae the Hill Orc Fighter began the quest for the Orb.
     0 | D:1      | Reached XP level 1. HP: 19/19 MP: 1/1
   282 | D:1      | Reached XP level 2. HP: 22/27 MP: 2/2
   806 | D:1      | Reached XP level 3. HP: 33/33 MP: 3/3
  1146 | D:2      | Reached skill level 1 in Dodging
  1184 | D:2      | Found a faded altar of an unknown god.
  1211 | D:2      | Reached XP level 4. HP: 38/40 MP: 4/4
  1569 | D:3      | Found a shattered altar of Ashenzari.
  1618 | D:3      | Found a stormy altar of Qazlal.
  2400 | D:4      | Reached XP level 5. HP: 29/47 MP: 5/5
  2493 | D:4      | Slain by an orc priest

Skill      XL: |  1  2  3  4 |
---------------+-------------+-----
Axes           | 3 4 |  4.9
Fighting       | 4 |  4.5
Dodging        | 1 |  1.5
Armour         | 4 |  4.0
Shields        | |  3.2

Action                   |  1- 3 |  4- 6 || total
-------------------------+-------+-------++-------
Melee: War axe           |   131 |   109 ||   240
  Use: Potion            |       |     1 ||     1
  Eat: Chunk             |     1 |     3 ||     4
Armor: Scale mail        |    94 |    39 ||   133
Dodge: Dodged            |    54 |    19 ||    73
Block: Shield            |    82 |    54 ||   136
